Map: Romanticide LE

Players

MarcoMan

  • Race: Protoss Protoss
  • League: Master
  • Spawn Location: 5:00

Stone - Winner!

  • Race: Terran Terran
  • League: Master
  • Spawn Location: 11:00

VOD

Have the link to the VOD?

Description

Time

  • Played on: Jan. 15, 2021, 7:52 p.m.
  • Length: 3:35
Show
View Real Time Build Order
Export as new Build Order

MarcoMan Protoss 

Build Orders: 1 Gate Expand 

Get SALT Encoding   

  12  0:02  Probe  
  14  0:14  Probe  
  14  0:17  Pylon  
  14  0:26  Probe (Chrono Boost)  
  15  0:37  Gateway  
  15  0:38  Probe (Chrono Boost)  
  16  0:44  Probe (Chrono Boost)  
  16  0:48  Assimilator  
  17  0:52  Probe  
  18  1:04  Probe  
  19  1:16  Probe  
  20  1:24  Cybernetics Core  
  20  1:34  Nexus  
  20  1:37  Probe  
  21  1:44  Pylon  
  21  1:50  Probe  
  22  1:55  Assimilator  
  22  1:59  Adept (Chrono Boost)  
  22  2:02  Probe (Chrono Boost)  
  25  2:14  Probe (Chrono Boost)  
  26  2:20  Probe (Chrono Boost)  
  26  2:22  Stalker  
  29  2:29  Probe  
  30  2:46  Twilight Council  
  30  2:57  Gateway  
  29  3:03  Sentry  
  29  3:04  Probe  
  32  3:06  Gateway  
  32  3:07  Probe  
  33  3:16  Probe  
  34  3:21  Probe  
Show
View Real Time Build Order
Export as new Build Order

Stone Terran - Winner!

Build Orders: Reaper Expand 

Get SALT Encoding   

  12  0:00  SCV  
  13  0:12  SCV  
  14  0:17  Supply Depot  
  14  0:25  SCV  
  15  0:39  SCV  
  15  0:41  Barracks  
  16  0:45  Refinery  
  16  0:51  SCV  
  17  1:03  SCV  
  18  1:15  SCV  
  19  1:28  Orbital Command  
  19  1:29  Reaper  
  20  1:47  Command Center  
  20  1:55  SCV  
  21  2:03  Barracks Reactor  
  21  2:05  Supply Depot  
  21  2:09  SCV  
  22  2:15  Barracks  
  22  2:25  SCV  
  23  2:33  Bunker  
  23  2:35  Refinery  
  23  2:38  SCV  
  23  2:44  Marine x2  
  26  2:50  SCV  
  27  3:03  Factory  
  27  3:04  Orbital Command  
  27  3:08  SCV  
  28  3:15  Barracks Tech Lab, Marine x2  
  28  3:19  Engineering Bay  
  30  3:21  SCV  
Tags
 
Add a new tag
Caveats
  • Supply blocks, unpowered buildings, or Contaminate may cause inaccurate times.
  • Supply counts are checked every 10 seconds.